Scrotus, lawful male human Monk ------ |.....###################################--------- |....| #........| ------- |....| ##|.......| +.....| |....| # #-.------- ##|.....| |....| ##### ###..>...| |..... # ##|.....| ---.-- ### ###`----.-- #### # # # # ### # # ##### # # # -----.--.- -.---# # |........| ---...|# # |.....<..| |.....|# # |........| |.....|# u# ---.------- |........| |.....%##d@#|..)......| ---------- |.....| #|.........| |.....| #..........| ------- ----------- Scrotus the Initiate Experience level: 6 Strength: 18/01 Dexterity: 10 Constitution: 14 Intelligence: 10 Wisdom: 12 Charisma: 11 Health: 0(47) Energy: 39(39) Def: 6 Gold: 1106 Moves: 1980 Dungeon seed: 9pzAnjakMi972wpC Game ID: Scrotus_1563320245 Your Inventory: Coins $ - 1106 gold pieces Amulets Y - an uncursed amulet of life saving Weapons k - 12 uncursed +0 shuriken (in quiver) p - an uncursed +0 boomerang s - 5 cursed -1 arrows t - an uncursed +0 bow z - an uncursed +0 crossbow A - 4 uncursed +1 crossbow bolts Armor e - an uncursed +2 pair of leather gloves (being worn) n - an uncursed +1 robe (being worn) Comestibles d - 3 uncursed food rations f - 4 uncursed apples g - 6 uncursed oranges h - 3 uncursed fortune cookies Scrolls b - an uncursed scroll of create monster m - an uncursed scroll of destroy armor o - an uncursed scroll of taming K - an uncursed scroll of scare monster Spellbooks a - a blessed spellbook of sleep Potions c - 3 uncursed potions of healing l - a blessed potion of object detection x - a cursed potion of extra healing Rings q - an uncursed ring of poison resistance Wands i - an uncursed wand of enlightenment (0:3) w - an uncursed wand of sleep (0:2) y - an uncursed wand of undead turning (0:4) H - an uncursed wand of enlightenment (0:13) I - an uncursed wand of fire (0:4) Tools j - an uncursed oil lamp (0:1308) Z - an uncursed towel Gems r - an uncursed worthless piece of red glass N - an uncursed agate Spells and supernatural/magical abilities: Name Level Category Fail Memory z - sleep 2 enchantment 84% 91% W - pray for help -- divine ? -- Your skills at the end: Miscellaneous Skills martial arts [Basic] wands [Basic] Weapon Skills shuriken [Basic] Spellcasting Skills healing spells [Basic] Final Attributes: You were fervently aligned. You were sleep resistant. You were poison resistant. You saw invisible. You were very stealthy. You were fast. You are dead. Vanquished creatures: a piranha an imp a violet fungus 2 gnome lords a gray ooze an elf zombie a straw golem 2 giant ants a puppy 2 floating eyes a dwarf a homunculus a kobold lord 3 iguanas 4 hill orcs a jitterbug 2 geckos a hobgoblin 3 cave spiders a red mold 10 gnomes 4 garter snakes a gnome zombie 7 jackals a fox a kobold 4 newts a goblin 2 sewer rats 5 grid bugs 2 lichens 69 creatures vanquished. Voluntary challenges: You followed a strict vegan diet. You did not adorn yourself with jewelry or accessories. You did not cause conflict. You were not invisible. You did not have reflection. You were not displaced. You were an atheist. You used a wielded weapon 3 times, starting on turn 877. You did not apply a unicorn horn. You did not use plumbed fixtures. You did not drink any magical draughts. You read items or engraved 2 times, starting on turn 433. You never genocided any monsters. You never polymorphed an object. You never changed form. You used no wishes. You never split a pudding. You never wrote Elbereth's name. You never violated your personal moral code. Dungeon overview: The Dungeons of Doom: levels 1 to 8 Level 1 a long staircase Level 2 a general store, some fountains Level 3 a general store, some fountains stairs to The Gnomish Mines Level 4 a fountain Level 5 Level 6 a fountain Level 7 a potion shop Level 8 <- You were here The Gnomish Mines: Level 4 stairs to The Dungeons of Doom History has recorded: On T:1 you entered the Dungeons of Doom to retrieve the Amulet of Yendor! On T:273 you reached level 2 of The Dungeons of Doom. On T:538 you reached level 3 of The Dungeons of Doom. On T:540 you advanced to experience level 2. On T:721 you advanced to experience level 3. On T:767 you reached level 1 of The Gnomish Mines. On T:795 you advanced to experience level 4. On T:893 you advanced to experience level 5. On T:1020 you reached level 4 of The Dungeons of Doom. On T:1166 you reached level 5 of The Dungeons of Doom. On T:1309 you reached level 6 of The Dungeons of Doom. On T:1658 you reached level 7 of The Dungeons of Doom. On T:1802 you advanced to experience level 6. On T:1886 you reached level 8 of The Dungeons of Doom. Score breakdown: Gold: 1106 ( 110 points) Experience: 6 levels ( 500 points) Exploration: 8 levels ( 210 points) Discoveries: 12 items ( 600 points) Variety of kills: 31 monsters ( 1550 points) Major goal: (nothing yet) ( 0 points) Survival: died (score multiplied by 3) Total score: 8910 Latest messages: You know of no traps there. $ - 241 gold pieces. This door is locked. WHAMMM!!! That door is closed. As you kick the door, it shatters to pieces! You see here an arrow. An arrow shoots out at you! You are hit by an arrow. The black unicorn butts! The black unicorn kicks! The black unicorn butts! The black unicorn kicks! You strike the black unicorn! The black unicorn butts! The black unicorn kicks! The black unicorn butts! The black unicorn misses. The black unicorn butts! You die... Final status: Goodbye Scrotus the Monk, killed by a black unicorn... You died in The Dungeons of Doom on dungeon level 8 with 8910 points, and 1106 pieces of gold, after 1980 moves. You were level 6 with a maximum of 47 hit points when you died.